 Dungeon Crawl Stone Soup version 0.31-a0-202-g547052bce9 (webtiles) character file.

Game seed: 15342202675117994769

387 qw the Skirmisher (level 6, -6/36 HPs)
             Began as a Deep Elf Hunter on June 26, 2023.
             Mangled by Sigmund
             ... wielding a +2 vampiric scythe
              (12 damage)
             ... on level 4 of the Dungeon.
             The game lasted 00:01:04 (2756 turns).

qw the Skirmisher (Deep Elf Hunter)                 Turns: 2756, Time: 00:01:04

Health: -6/36      AC:  5    Str: 10    XL:     6   Next: 49%
Magic:  8/8        EV: 11    Int: 14    God:
Gold:   248        SH:  0    Dex: 18    Spells: 5/5 levels left

rFire   . . .        Y - +1 shortbow (freeze)
rCold   . . .        (shield currently unavailable)
rNeg    . . .        h - +0 ring mail
rPois   .            (no helmet)
rElec   .            (no cloak)
rCorr   +            (no gloves)
SInv    .            (no boots)
Will    .....        (no amulet)
Stlth   +            i - ring of resist corrosion
HPRegen 0.26/turn    (no ring)
MPRegen 0.11/turn

%: no passive effects
@: no status effects
A: no striking features
a: no special abilities


You were on level 4 of the Dungeon.
You visited 1 branch of the dungeon, and saw 4 of its levels.

You collected 248 gold pieces.


   Skills:
 - Level 2.8 Fighting
 + Level 9.6 Ranged Weapons
 - Level 2.4 Dodging
 - Level 1.2 Stealth


You had 5 spell levels left.
You didn't know any spells.
Your spell library was empty.

Inventory:

Hand Weapons
 Y - a +1 shortbow of freezing (weapon)
Armour
 b - a +0 helmet
 f - the +1 helmet of Okawaru's Displeasure {Str+3}
   (You found it on level 4 of the Dungeon)

   Str:       It affects your strength (+3).
 h - a +0 ring mail (worn)
Jewellery
 i - a ring of resist corrosion (left hand)
 j - a ring of resist corrosion
Scrolls
 a - a scroll of identify
 c - a scroll of fear {unknown}
 l - a scroll of revelation {unknown}
Potions
 d - a potion of resistance
 e - a potion of mutation {unknown}
 g - 5 potions of curing
 k - a potion of enlightenment
 m - a potion of brilliance {unknown}

Dungeon Overview and Level Annotations

Branches:
Dungeon (4/15)
 Temple: D:4-7

Altars:
Elyvilon
Trog

Shops:
D:1 (

Annotations:
D:4 Sigmund


Message History

Enter note:
Enter note:
Enter note:
Enter note:
Enter note:
Enter note: You shoot an arrow.
The arrow barely misses Sigmund.
You shoot an arrow. The arrow barely misses Sigmund.
Sigmund hits you from afar with a +2 vampiric scythe!
You shoot an arrow. The arrow barely misses Sigmund.
Sigmund completely misses you.
A quokka comes into view.
You shoot an arrow. The arrow closely misses Sigmund.
Sigmund gestures at you while chanting. The puff of flame hits you.
You shoot an arrow.
The arrow hits Sigmund but does no damage.
Sigmund casts a spell at you. The puff of flame hits you!
You shoot an arrow. The arrow closely misses Sigmund.
Sigmund barely misses you.
You shoot an arrow. The arrow closely misses Sigmund.
You shoot an arrow. The arrow closely misses Sigmund.
Sigmund barely misses you.
You shoot an arrow. The arrow closely misses Sigmund.
Sigmund hits you from afar with a +2 vampiric scythe.
You shoot an arrow. The arrow hits Sigmund!
The arrow freezes Sigmund.
Sigmund is heavily wounded.
Sigmund gestures at you while chanting. The puff of flame hits you!
You shoot an arrow. The arrow barely misses Sigmund.
Sigmund hits you but does no damage.
You shoot an arrow. The arrow hits Sigmund.
The arrow freezes Sigmund.
Sigmund is severely wounded.
Sigmund casts a spell.
Sigmund flickers and vanishes!
Deactivating autopickup; reactivate with Ctrl-A.
You shoot an arrow. Something hits you!
You die...

#.# #.# #.# #.#
#.# #.# ##.# #.#
#..# #.#
####)#####.#
#.......##.#
#.##.##.##.#
######.##.##.##@#
#...........r{..#
#.####.##.##.####
#.# #.##.##
##.####.....
.......[...#
##.######## ...#
####


You could see a quokka.

Vanquished Creatures
  A sky beast (D:4)
  A scorpion (D:4)
  2 orc priests (D:3)
  An orc wizard (D:3)
  3 gnolls (D:4)
  4 adders
  2 worms
  3 dart slugs
  9 orcs
  5 bats
  4 endoplasms
  2 giant cockroaches
  5 goblins
  6 hobgoblins
  7 jackals
  3 quokkas
  5 ball pythons
  A frilled lizard (D:2)
  4 kobolds
  5 rats
73 creatures vanquished.

Notes
Turn   | Place    | Note
-------+----------+-------------------------------------------
     0 | D:1      | qw the Deep Elf Hunter began the quest for the Orb.
     0 | D:1      | Reached XP level 1. HP: 12/12 MP: 3/3
     0 | D:1      | 0 ||| qw: Version: 0.3-a-22-g0ed2b0b
     0 | D:1      | 0 ||| qw: Game counter: 5798
     0 | D:1      | 0 ||| qw: Melee chars always use a shield: true
     0 | D:1      | 0 ||| qw: God list: Okawaru
     0 | D:1      | 0 ||| qw: Allow faded altars: false
     0 | D:1      | 0 ||| qw: Do Orc after clearing Dungeon:15 true
     0 | D:1      | 0 ||| qw: Do second Lair branch before Depths: true
     0 | D:1      | 0 ||| qw: Lair rune preference: random
     0 | D:1      | 0 ||| qw: Goals: Normal
     0 | D:1      | 0 ||| PLANNING D:1-11
   194 | D:1      | Reached skill level 6 in Ranged Weapons
   194 | D:1      | Reached XP level 2. HP: 16/16 MP: 4/4
   219 | D:1      | Found Waex's Antique Weapon Shop.
   238 | D:1      | 238 ||| SHOPLISTING runed triple crossbow (351 gold, have
                  | 36).
   494 | D:1      | 494 ||| UPGRADING to +0 ring mail.
   504 | D:1      | 504 ||| DROPPING +0 leather armour.
   505 | D:1      | 505 ||| READING 2 scrolls labelled VOROIKAIZE.
   506 | D:1      | 506 ||| READING 2 scrolls labelled QYLOKHL QIMY.
   511 | D:1      | 511 ||| READING scroll labelled EDYMUS MOJOY.
   512 | D:1      | 512 ||| READING scroll labelled UCETZE TIUTY.
   513 | D:1      | 513 ||| DRINKING 3 black potions.
   514 | D:1      | 514 ||| DROPPING scroll of butterflies.
   562 | D:2      | Found a bloodstained altar of Trog.
   589 | D:2      | Found a faded altar of an unknown god.
   626 | D:2      | Reached XP level 3. HP: 20/20 MP: 5/5
  1299 | D:2      | 1299 ||| READING 2 scrolls labelled XIEDDY YKOSEB.
  1300 | D:2      | 1300 ||| READING scroll labelled YCEVASMU JUGRAPPU.
  1301 | D:2      | 1301 ||| DRINKING 2 golden potions.
  1302 | D:2      | 1302 ||| READING 4 scrolls of identify.
  1302 | D:2      | 1302 ||| IDENTIFYING white potion
  1303 | D:2      | 1303 ||| DROPPING scroll of immolation.
  1355 | D:3      | Reached skill level 7 in Ranged Weapons
  1357 | D:3      | 1357 ||| Stepping ~*~*~tactically~*~*~ (outnumbered).
  1360 | D:3      | Reached XP level 4. HP: 23/25 MP: 6/6
  1413 | D:3      | Found a white marble altar of Elyvilon.
  1417 | D:3      | Reached skill level 8 in Ranged Weapons
  1784 | D:3      | Reached XP level 5. HP: 11/29 MP: 7/7
  2056 | D:3      | 2056 ||| UPGRADING to ring of resist corrosion.
  2057 | D:3      | 2057 ||| READING 4 scrolls of identify.
  2057 | D:3      | 2057 ||| IDENTIFYING brown potion
  2058 | D:3      | 2058 ||| READING 3 scrolls of identify.
  2058 | D:3      | 2058 ||| IDENTIFYING red potion
  2059 | D:3      | 2059 ||| READING 2 scrolls of identify.
  2059 | D:3      | 2059 ||| IDENTIFYING lumpy white potion
  2060 | D:3      | 2060 ||| DROPPING potion of berserk rage.
  2061 | D:3      | 2061 ||| DROPPING potion of magic.
  2099 | D:4      | Reached skill level 9 in Ranged Weapons
  2228 | D:4      | Identified the +1 helmet of Okawaru's Displeasure {Str+3}
  2271 | D:4      | Noticed a sky beast
  2277 | D:4      | Killed a sky beast
  2278 | D:4      | Reached XP level 6. HP: 36/36 MP: 8/8
  2380 | D:4      | Noticed Sigmund
  2393 | D:4      | HP: 4/36 [something/puff of flame (9)]
  2394 | D:4      | 2394 ||| READING 2 scrolls of teleportation.
  2395 | D:4      | 2395 ||| DRINKING 3 potions of curing.
  2395 | D:4      | 2395 ||| (to cure confusion)
  2395 | D:4      | HP: 1/36 [something/puff of flame (7)]
  2396 | D:4      | 2396 ||| DRINKING 2 potions of heal wounds.
  2397 | D:4      | 2397 ||| FLEEEEING.
  2398 | D:4      | 2398 ||| FLEEEEING.
  2399 | D:4      | 2399 ||| FLEEEEING.
  2400 | D:4      | 2400 ||| FLEEEEING.
  2401 | D:4      | 2401 ||| FLEEEEING.
  2402 | D:4      | 2402 ||| FLEEEEING.
  2403 | D:4      | 2403 ||| FLEEEEING.
  2404 | D:4      | 2404 ||| FLEEEEING.
  2405 | D:4      | 2405 ||| FLEEEEING.
  2406 | D:4      | 2406 ||| FLEEEEING.
  2407 | D:4      | 2407 ||| FLEEEEING.
  2408 | D:4      | 2408 ||| FLEEEEING.
  2409 | D:4      | 2409 ||| FLEEEEING.
  2410 | D:4      | 2410 ||| FLEEEEING.
  2411 | D:4      | 2411 ||| FLEEEEING.
  2412 | D:4      | 2412 ||| FLEEEEING.
  2413 | D:4      | 2413 ||| FLEEEEING.
  2414 | D:4      | 2414 ||| FLEEEEING.
  2415 | D:4      | 2415 ||| FLEEEEING.
  2428 | D:4      | HP: 6/36 [Sigmund/+2 vampiric scythe (9)]
  2429 | D:4      | 2429 ||| READING scroll of teleportation.
  2430 | D:4      | 2430 ||| DRINKING potion of heal wounds.
  2753 | D:4      | HP: 5/36 [Sigmund/puff of flame (8)]
  2756 | D:4      | Mangled by Sigmund

Levels and vault maps discovered:
D:1:      nicolae_arrival_memento_mori, layout_rooms, serial_shops, shop,
          minmay_misc_feat_tiny
D:2:      layout_basic, hellmonk_ecumenical_altar_crossroads, basic_altar,
          supply_closet_lemuel, lemuel_flame_loot_1
D:3:      layout_basic, mainiacjoe_overflow_surrounded_room, minmay_between
D:4:      layout_loops_ring, uniq_blork_the_orc, uniq_sigmund

Skill      XL: |  1  2  3  4  5 |
---------------+----------------+-----
Ranged Weapons | 6 7 8 9 |  9.6
Fighting       | 2 |  2.8
Dodging        | |  2.4
Stealth        | |  1.2

Action                     |  1- 3 |  4- 6 || total
---------------------------+-------+-------++-------
   Fire: Shortbow          |    92 |   125 ||   217
    Use: Scroll            |     7 |     5 ||    12
         Potion            |     2 |     3 ||     5
 Armour: Leather armour    |     6 |       ||     6
         Ring mail         |     1 |     9 ||    10
  Dodge: Dodged            |    21 |    26 ||    47

Table legend:
 A = Non-vault XP
 B = Vault XP
 C = Vault XP percentage of total XP
 D = Non-vault monster count
 E = Vault monster count
 F = Vault count percentage of total count
                 A         B        C        D         E       F
            +---------+---------+-------+---------+---------+-------
      Total |     547 |       7 |   1.3 |      69 |       4 |   5.5
            +---------+---------+-------+---------+---------+-------
        D:1 |      34 |       0 |   0.0 |      18 |       0 |   0.0
        D:2 |      28 |       0 |   0.0 |      14 |       0 |   0.0
        D:3 |     161 |       7 |   4.2 |      19 |       4 |  17.4
        D:4 |     324 |       0 |   0.0 |      18 |       0 |   0.0
            +---------+---------+-------+---------+---------+-------
